 Dungeon Crawl Stone Soup version 0.30-a0-793-g160f7cfddd (webtiles) character file.

Game seed: 10249270350320783879

359 kingofthe the Conjurer (level 6, 0/72 HPs)
             Began as a Deep Elf Conjurer on Feb 20, 2023.
             Was an Initiate of Sif Muna.
             Succumbed to a scorpion's poison
             ... on level 4 of the Dungeon.
             The game lasted 00:07:54 (3325 turns).

kingofthe the Conjurer (Deep Elf Conjurer)          Turns: 3325, Time: 00:07:54

Health: 0/72       AC: 23    Str:  4    XL:     6   Next: 37%
Magic:  2/15       EV:  2    Int: 23    God:    Sif Muna [......]
Gold:   127        SH:  0    Dex: 15    Spells: 8/15 levels left

rFire   . . .      SeeInvis .    o - +0 dagger (freeze)
rCold   . . .      Faith    .    (no shield)
rNeg    . . .      Spirit   .    (body armour currently unavailable)
rPois   +          Reflect  .    (helmet currently unavailable)
rElec   .          Harm     .    (cloak currently unavailable)
rCorr   .          Rampage  .    (gloves currently unavailable)
Will    .....      NoTele   +    (boots currently unavailable) Stlth
                                 (no amulet)
HPRegen 0.32/turn                (no ring)
MPRegen 0.14/turn                (no ring)

@: berserking (expiring), lethally poisoned (0 -> -7), tree-form, very quick
A: stationary, stasis, torment immunity, boosted hp
a: Renounce Religion


You were on level 4 of the Dungeon.
You worshipped Sif Muna.
Sif Muna was noncommittal.
You were a tree.
You visited 1 branch of the dungeon, and saw 4 of its levels.

You collected 127 gold pieces.


   Skills:
 * Level 4.9 Dodging
 + Level 4.1 Stealth
 + Level 5.1 Spellcasting
 + Level 5.7 Conjurations
 * Level 1.3 Hexes


You had 8 spell levels left.
You knew the following spells:

 Your Spells              Type           Power      Damage    Failure   Level
a - Magic Dart            Conj           100%       1d8       1%          1
b - Searing Ray           Conj           64%        2d6       1%          2
c - Fulminant Prism       Conj/Hex       11%        3d8       22%         4

Your spell library contained the following spells:

 Spells                   Type           Power      Damage    Failure   Level
 Dazzling Flash           Conj/Hex       44%        N/A       6%          3
 Stone Arrow              Conj/Erth      38%        3d9       9%          3
 Lesser Beckoning         Tloc           10%        N/A       14%         2
 Frozen Ramparts          Ice            10%        1d2       28%         3
 Gell's Gravitas          Tloc           5%         N/A       28%         3
 Teleport Other           Tloc           5%         N/A       28%         3
 Iskenderun's Mystic Bla  Conj/Tloc      19%        2d6       28%         4
 Animate Armour           Summ/Erth      10%        N/A       67%         4
 Ice Form                 Ice/Tmut       5%         N/A       67%         4
 Summon Ice Beast         Ice/Summ       5%         N/A       67%         4
 Lehudib's Crystal Spear  Conj/Erth      9%         10d4      100%        8

Inventory:

Hand Weapons
 o - a +0 dagger of freezing (weapon)
Armour
 a - a +0 robe (melded)
Wands
 l - a wand of flame (24)
 q - a wand of iceblast (10)
Scrolls
 c - 5 scrolls of identify {unknown}
 d - a scroll of blinking {unknown}
 h - a scroll of torment {unknown}
 i - 2 scrolls of vulnerability {unknown}
 j - a scroll of fear {unknown}
 k - a scroll of immolation {unknown}
 n - a scroll of enchant weapon {unknown}
Potions
 b - a potion of magic
 e - a potion of heal wounds {unknown}
 g - 2 potions of lignification
 m - a potion of invisibility {unknown}
 p - a potion of ambrosia {unknown}
 r - a potion of curing {unknown}

Dungeon Overview and Level Annotations

Branches:
Dungeon (4/15)
 Temple: D:4-7

Altars:
Nemelex Xobeh
Sif Muna

~~..~..~..~..~
~...~~..~..~~
▒.......~..~.
▒........~~..
▒.....†......
...........
#.†.......
####♣#...#
##....#..#
#........#
###..##†#####..
##.##..........
##.............
#...#.####....#
#..##.# #....##
##....#
##.....# #


There were no monsters in sight!


Message History

The scorpion poisons you!
You take 8 damage, and have 9/32 hp.
MASSIVE DAMAGE!!
You now have 2/15 mp.
The searing ray hits the scorpion!
You kill the scorpion!
Sif Muna accepts your kill.
You finish channelling your searing ray.
* * * LOW HITPOINT WARNING * * *
You feel very sick.
Your Stealth skill increases to level 4!
Your Hexes skill increases to level 1!
You take 5 damage, and have 4/32 hp.
You now have 1/15 mp.
Okay, then.
There is a lethal amount of poison in your body!
It was a potion of lignification.
You turn into a tree.
Your +0 robe melds into your body.
Your roots penetrate the ground.
* * * LOW HITPOINT WARNING * * *
You feel very sick.
You now have 3/48 hp.
It was a potion of berserk rage.
A red film seems to cover your vision as you go berserk!
You feel yourself moving faster!
You feel mighty!
* * * LOW HITPOINT WARNING * * *
You feel very sick.
You now have 3/72 hp.
You are too berserk!
You feel a strong urge to attack something.
* * * LOW HITPOINT WARNING * * *
You feel sick.
You take 2 damage, and have 1/72 hp.
You die...

Skill      XL: |  1  2  3  4  5  6 |
---------------+-------------------+-----
Spellcasting   | 4 5 |  5.1
Dodging        | 3 4 |  4.9
Stealth        | 3 4 |  4.1
Conjurations   | 5 |  5.7
Hexes          | 1 |  1.3

Action                     |  1- 3 |  4- 6 || total
---------------------------+-------+-------++-------
   Cast: Magic Dart        |    47 |    68 ||   115
         Searing Ray       |     5 |     9 ||    14
    Use: Potion            |       |     2 ||     2
 Armour: Robe              |       |     4 ||     4
  Dodge: Dodged            |     4 |    18 ||    22

Levels and vault maps discovered:
D:1:      wheals_arrival_shading, layout_loops_cross, grunt_decor_one_mirror,
          chequers_serial_rivers_large_a, dreamdust_princess_corridor,
          chequers_serial_rivers_micro_b, hangedman_decor_clover_reticule,
          minmay_misc_feat_ornament
D:2:      kennysheep_big_flooded_room, layout_basic,
          shapermc_ecumenical_altar_mp_vishouse, serial_park_tiny_1
D:3:      layout_basic, kennysheep_orc_sif_temple, general_overflow_altar
D:4:      cheibrodos_helix_gallery, layout_cave_pools, kennysheep_mini_moat,
          minmay_temple_entry_fiery, uniq_duvessa, uniq_crazy_yiuf_cottage

Notes
Turn   | Place    | Note
-------+----------+-------------------------------------------
     0 | D:1      | kingofthe the Deep Elf Conjurer began the quest for the
                  | Orb.
     0 | D:1      | Reached XP level 1. HP: 10/10 MP: 6/6
   200 | D:1      | Reached skill level 4 in Spellcasting
   200 | D:1      | Reached XP level 2. HP: 15/15 MP: 6/9
   301 | D:1      | Learned a level 2 spell: Searing Ray
  1169 | D:2      | Reached XP level 3. HP: 19/19 MP: 7/10
  1201 | D:2      | Reached skill level 3 in Dodging
  1216 | D:2      | Reached skill level 3 in Stealth
  1393 | D:2      | Reached XP level 4. HP: 24/24 MP: 4/12
  1603 | D:2      | Reached skill level 5 in Conjurations
  1988 | D:2      | Found a faded altar of an unknown god.
  2133 | D:3      | Reached skill level 4 in Dodging
  2133 | D:3      | Reached XP level 5. HP: 28/28 MP: 2/14
  2440 | D:3      | Found a sparkling altar of Nemelex Xobeh.
  2465 | D:3      | Found a shimmering blue altar of Sif Muna.
  2474 | D:3      | Became a worshipper of Sif Muna the Loreminder
  3110 | D:4      | Reached skill level 5 in Spellcasting
  3110 | D:4      | Reached XP level 6. HP: 32/32 MP: 9/15
  3189 | D:4      | Learned a level 4 spell: Fulminant Prism
  3322 | D:4      | Reached skill level 4 in Stealth
  3322 | D:4      | Reached skill level 1 in Hexes
  3322 | D:4      | HP: 3/48 [poisoned by a scorpion]
  3324 | D:4      | HP: 1/72 [poisoned by a scorpion]
  3325 | D:4      | Succumbed to a scorpion's poison

Vanquished Creatures
  A scorpion (D:4)
  2 hounds
  An orc priest (D:3)
  An orc wizard (D:3)
  3 gnolls (D:2)
  7 adders
  An ufetubus (D:3)
  A worm (D:2)
  3 dart slugs
  9 orcs
  3 ball pythons (D:2)
  2 bats
  4 endoplasms
  A giant cockroach (D:2)
  9 goblins
  4 hobgoblins
  3 jackals (D:1)
  6 kobolds
  2 quokkas
  4 frilled lizards
  3 rats
70 creatures vanquished.

Table legend: (Time is in decaauts)
 A = Elapsed time spent in this place.
 B = Non-inter-level travel time spent in this place.
 C = Inter-level travel time spent in this place.
 D = Time resting spent in this place.
 E = Time spent auto-exploring this place.
 F = Levels seen in this place.
 G = Mean time per level.
                   A        B        C        D        E       F      G
               +--------+--------+--------+--------+--------+-----+--------+
         Total |   3342 |   3271 |     71 |      3 |   2903 |   4 |  835.5 |
       Dungeon |   3342 |   3271 |     71 |      3 |   2903 |   4 |  835.5 |
               +--------+--------+--------+--------+--------+-----+--------+

Top non-repeatable levels by time:
     D:3: 1087 daAuts
     D:1: 1078 daAuts
     D:2: 933 daAuts
     D:4: 242 daAuts

Table legend:
 A = Non-vault XP
 B = Vault XP
 C = Vault XP percentage of total XP
 D = Non-vault monster count
 E = Vault monster count
 F = Vault count percentage of total count
                 A         B        C        D         E       F
            +---------+---------+-------+---------+---------+-------
      Total |     495 |      18 |   3.5 |      66 |       4 |   5.7
            +---------+---------+-------+---------+---------+-------
        D:1 |      29 |       0 |   0.0 |      15 |       0 |   0.0
        D:2 |     104 |       2 |   1.9 |      22 |       2 |   8.3
        D:3 |     197 |       3 |   1.5 |      20 |       1 |   4.8
        D:4 |     165 |      13 |   7.3 |       9 |       1 |  10.0
            +---------+---------+-------+---------+---------+-------
